 Dungeon Crawl Stone Soup version 0.20.0-7-g3b7b877 (webtiles) character file.

1310 Kosschaser the Slasher (level 8, -5/62 HPs)
             Began as a Demonspawn Abyssal Knight on May 29, 2017.
             Was a Priest of Lugonu.
             Slain by an orc warrior
             ... wielding a +0 mace
              (13 damage)
             ... on level 7 of the Dungeon.
             The game lasted 00:20:50 (4733 turns).

Kosschaser the Slasher (Demonspawn Abyssal Knight)  Turns: 4733, Time: 00:20:51

Health: -5/62      AC: 12    Str: 14    XL:     8   Next: 32%
Magic:  0/9        EV: 14    Int: 15    God:    Lugonu [***...]
Gold:   288        SH:  0    Dex: 17    Spells: 7/7 levels left

rFire    + . .     SeeInvis .   s - +2 falchion (protect)
rCold    . . .     Gourm    .   (no shield)
rNeg     + . .     Faith    .   E - +1 leather armour of Compression {rElec rN+ Str+2 Dex+3}
rPois    .         Spirit   +   (no helmet)
rElec    +         Reflect  .   C - scarf {repulsion}
rCorr    .         Harm     .   v - +0 pair of gloves
MR       .....                  (no boots)
Stlth    +.........             j - amulet of regeneration
Regen    0.6/turn               (no ring)
MPRegen  0.2/turn               (no ring)

@: protection aura, repel missiles
A: hooves 2, fire resistance 1, magic shield
a: Depart the Abyss, Bend Space, Banish, Renounce Religion


You were on level 7 of the Dungeon.
You worshipped Lugonu.
Lugonu was most pleased with you.
You were not hungry.

You visited 1 branch of the dungeon, and saw 7 of its levels.
You visited the Abyss 1 time.

You collected 288 gold pieces.

Inventory:

Hand Weapons
 s - a +2 falchion of protection (weapon)
Armour
 v - a +0 pair of gloves (worn)
 C - a scarf of repulsion (worn)
 E - the +1 leather armour of Compression (worn) {rElec rN+ Str+2 Dex+3}
   (You found it on level 4 of the Dungeon)

   It affects your strength (+2).
   It affects your dexterity (+3).
   It insulates you from electricity.
   It protects you from negative energy.
Jewellery
 j - an amulet of regeneration (around neck)
Wands
 a - a wand of flame (9/48)
 y - a wand of disintegration (8/24)
Scrolls
 b - a scroll of random uselessness {unknown}
 d - 6 scrolls of remove curse {unknown}
 h - 4 scrolls of identify {unknown}
 o - a scroll of enchant armour {unknown}
 p - a scroll of fog {unknown}
 u - a scroll of enchant weapon {unknown}
 w - 3 scrolls of fear {unknown}
 A - 2 scrolls of teleportation {unknown}
 B - a scroll of recharging {unknown}
 D - 2 scrolls of blinking {unknown}
Potions
 e - 2 potions of might {unknown}
 f - 2 potions of cancellation {unknown}
 g - 2 potions of agility {unknown}
 i - a potion of resistance {unknown}
 l - 3 potions of heal wounds {unknown}
 m - a potion of berserk rage {unknown}
 q - 3 potions of mutation {unknown}
 r - 3 potions of lignification {unknown}
 t - 3 potions of flight {unknown}
 x - 2 potions of degeneration {unknown}
 z - 5 potions of curing {unknown}
Comestibles
 c - 5 bread rations
 k - 4 royal jellies
 n - 3 meat rations


   Skills:
 + Level 5.1 Fighting
 + Level 6.4 Long Blades
 + Level 4.2 Armour
 * Level 4.0 Dodging
 + Level 2.5 Invocations


You had 7 spell levels left.
You didn't know any spells.

Dungeon Overview and Level Annotations

Branches:
Dungeon (7/15)
 Temple: D:4-7

Altars:
Ashenzari
Cheibriados
Dithmenos
Kikubaaqudgha
Makhleb
Zin


Innate Abilities, Weirdness & Mutations

You have hoof-like feet.
Your flesh is heat resistant. (rF+)
When hurt, damage is shared between your health and your magic reserves.


Message History

You hit the orc warrior but do no damage.
Your weapon exudes an aura of protection.
You kick the orc warrior, but do no damage.
The orc warrior is heavily wounded.
The orc warrior closely misses you. The crimson imp barely misses you.
An orc priest comes into view. It is wielding a dagger.
You hit the orc warrior but do no damage.
The orc warrior is moderately wounded.
The orc warrior closely misses you.
You riposte.
You hit the orc warrior.
You kick the orc warrior, but do no damage.
The orc warrior is heavily wounded.
The crimson imp barely misses you.
You riposte.
You slash the crimson imp! Your kick misses the crimson imp.
The crimson imp is heavily wounded.
Okay, then.
You hit the orc warrior but do no damage.
Your kick misses the orc warrior.
The orc warrior is heavily wounded.
The orc warrior hits you with a mace!
You die...

#. #o #. #.
#. #
#.###.###.
#.##..o...$..
#...5@...#
#.########


You could see an orc warrior, an orc priest and a crimson imp.

Vanquished Creatures
  3 ogres
  The ghost of siprus the Agent of Entropy, an amateur DsAK of Lugonu (D:6)
  The ghost of Welfe the Cutter, an amateur TeCK of Xom (D:3)
  A bullfrog (D:6)
  3 scorpions
  A quasit (D:5)
  A jelly (D:5)
  4 orc priests
  A hound (D:5)
  Terence (D:2)
  An iguana (D:6)
  Natasha (D:2)
  4 orc wizards
  5 worker ants
  A hound skeleton (D:5)
  A gnoll (D:6)
  4 adders
  An ooze (D:6)
  An adder skeleton (D:4)
  3 worms
  A dart slug (D:5)
  3 leopard geckos
  13 orcs
  9 giant cockroaches
  9 goblins
  9 hobgoblins
  3 jackals
  2 quokkas (D:1)
  2 ball pythons
  9 bats
  5 frilled lizards
  A giant cockroach zombie (D:5)
  10 kobolds
  14 rats
129 creatures vanquished.

Notes
Turn   | Place    | Note
-------+----------+-------------------------------------------
     0 | Abyss:1  | Kosschaser the Demonspawn Abyssal Knight began the quest for the Orb.
     0 | Abyss:1  | Reached XP level 1. HP: 18/18 MP: 2/2
    32 | Abyss:1  | Noticed a small abomination
    32 | Abyss:1  | Noticed a small abomination
    44 | D:1      | Escaped the Abyss
   289 | D:1      | Reached skill level 2 in Long Blades
   517 | D:1      | Gained mutation: When hurt, damage is shared between your health and your magic reserves. [demonic ancestry]
   517 | D:1      | Reached XP level 2. HP: 20/24 MP: 3/3
   524 | D:1      | Reached * piety under Lugonu
  1222 | D:2      | Reached XP level 3. HP: 21/29 MP: 4/4
  1258 | D:2      | Reached skill level 1 in Dodging
  1265 | D:2      | Noticed Natasha
  1307 | D:2      | Killed Natasha
  1383 | D:2      | Noticed Terence
  1408 | D:2      | Killed Terence
  1408 | D:2      | Gained mutation: Your flesh is heat resistant. (rF+) [demonic ancestry]
  1408 | D:2      | Reached XP level 4. HP: 37/37 MP: 5/5
  1566 | D:2      | Reached ** piety under Lugonu
  1568 | D:2      | Found a glowing silver altar of Zin.
  1755 | D:3      | Reached skill level 3 in Long Blades
  2166 | D:3      | Noticed Welfe's ghost (amateur TeCK)
  2187 | D:3      | Killed Welfe's ghost
  2187 | D:3      | Reached XP level 5. HP: 34/42 MP: 3/6
  2360 | D:4      | Gained mutation: You have large cloven feet. [demonic ancestry]
  2360 | D:4      | Reached XP level 6. HP: 48/48 MP: 7/7
  2446 | D:3      | Reached skill level 4 in Long Blades
  2895 | D:4      | Gained mutation: You have hoof-like feet. [demonic ancestry]
  2895 | D:4      | Reached XP level 7. HP: 28/55 MP: 4/8
  3089 | D:4      | Found a shadowy altar of Dithmenos.
  3463 | D:4      | Reached skill level 5 in Long Blades
  3485 | D:4      | Got a faintly glowing leather armour
  3496 | D:4      | Identified the +1 leather armour of Compression {rElec rN+ Str+2 Dex+3} (You found it on level 4 of the Dungeon)
  3593 | D:5      | Entered Level 5 of the Dungeon
  3637 | D:5      | Reached *** piety under Lugonu
  3667 | D:5      | Found an ancient bone altar of Kikubaaqudgha.
  3693 | D:5      | Found a burning altar of Makhleb.
  3883 | D:5      | Got a pair of dazzling boots
  3889 | D:5      | Identified the +1 pair of boots of Morality {Str+4 Int+9 Dex-5 Stlth+} (You found it on level 5 of the Dungeon)
  4078 | D:5      | Found a shattered altar of Ashenzari.
  4174 | D:5      | Found a snail-covered altar of Cheibriados.
  4501 | D:6      | Reached XP level 8. HP: 58/61 MP: 7/9
  4529 | D:6      | Reached skill level 6 in Long Blades
  4568 | D:6      | Noticed siprus's ghost (amateur DsAK)
  4592 | D:6      | Killed siprus's ghost
  4592 | D:6      | Reached skill level 5 in Fighting
  4733 | D:7      | Slain by an orc warrior

Skill      XL: |  1  2  3  4  5  6  7  8 |
---------------+-------------------------+-----
Long Blades    | 2 3 4 5 6 |  6.4
Armour         | 2 3 4 |  4.2
Dodging        | 1 2 3 4 |  4.0
Fighting       | 4 5 |  5.1
Invocations    | |  2.5

Action                   |  1- 3 |  4- 6 |  7- 9 || total
-------------------------+-------+-------+-------++-------
Melee: Falchion          |   145 |   199 |   207 ||   551
       Kick              |       |    22 |    82 ||   104
Invok: Depart the Abyss  |     1 |       |       ||     1
       Bend Space        |       |       |     2 ||     2
 Stab: Invisible         |       |     3 |       ||     3
  Eat: Chunk             |     2 |     4 |     7 ||    13
Armor: Chain mail        |   176 |   144 |    23 ||   343
       Leather armour    |       |       |    66 ||    66
Dodge: Dodged            |    64 |    77 |   119 ||   260
       Deflected         |       |       |     3 ||     3
       Rpst.: Falchion   |    23 |    29 |    36 ||    88
